 Dungeon Crawl Stone Soup version 0.31-a0-1068-g5939ac1fb6 (webtiles) character file.

Game seed: 1285757683133894761

1 Gladio the Trooper (level 1, 0/27 HPs)
             Began as a Demonspawn Berserker on Nov 23, 2023.
             Was a Follower of Trog.
             Slain by a goblin
             ... wielding a +2 dagger of freezing
              (1 damage)
             ... on level 1 of the Dungeon.
             The game lasted 00:00:36 (85 turns).

Gladio the Trooper (Demonspawn Berserker)             Turns: 85, Time: 00:00:36

Health: 0/27       AC:  2    Str: 17    XL:     1   Next: 16%
Magic:  1/1        EV: 12    Int:  8    God:    Trog [*.....]
Gold:   0          SH:  0    Dex: 12    Spells: 0/0 levels left

rFire   . .          .
                       - Unarmed
rCold   . . .        (no shield)
rNeg    . . .        a - +0 animal skin
rPois   .            (no helmet)
rElec   .            (no cloak)
rCorr   .            (no gloves)
SInv    .            (no boots)
Will    .....        (no amulet) Stlth
                     (no ring)
HPRegen 0.24/turn    (no ring)
MPRegen 0.07/turn

%: no passive effects
@: berserking, very quick
A: no striking features
a: Renounce Religion, Berserk


You were on level 1 of the Dungeon.
You worshipped Trog.
Trog was aware of your devotion.
You visited 1 branch of the dungeon, and saw 1 of its levels.

Inventory:

Armour
 a - a +0 animal skin (worn)
Talismans
 d - a dragon-blood talisman
Scrolls
 b - a scroll of noise {unknown}
 e - a scroll of enchant weapon {unknown}
Potions
 c - a potion of lignification {unknown}


   Skills:
 + Level 3.0 Fighting
 - Level 1.7 Armour
 - Level 1.7 Dodging
 * Level 2.7 Unarmed Combat
 + Level 0.0 Shapeshifting


You couldn't memorise any spells.
You didn't know any spells.
Your spell library was empty.

Dungeon Overview and Level Annotations

Branches:
Dungeon (1/15)

Altars:


Message History

You hit the goblin.
The goblin is severely wounded.
The goblin hits you with a +2 dagger of freezing.
The goblin freezes you.
You hit the goblin.
The goblin is almost dead.
The goblin hits you with a +2 dagger of freezing.
The goblin freezes you.
You are too injured to fight recklessly!
You are too injured to fight recklessly!
You are too injured to fight recklessly!
You are too injured to fight recklessly!
You are too injured to fight recklessly!
You are too injured to fight recklessly!
You are too injured to fight recklessly!
You are too injured to fight recklessly!
You are too injured to fight recklessly!
You are too injured to fight recklessly!
You are too injured to fight recklessly!
You are too injured to fight recklessly!
You are too injured to fight recklessly!
You are too injured to fight recklessly!
You are too injured to fight recklessly!
You are too injured to fight recklessly!
You are too injured to fight recklessly!
You barely miss the goblin.
The goblin is almost dead.
The goblin misses you.
You completely miss the goblin.
The goblin is almost dead.
The goblin hits you with a +2 dagger of freezing.
* * * LOW HITPOINT WARNING * * *
The goblin freezes you.
* * * LOW HITPOINT WARNING * * *
A red film seems to cover your vision as you go berserk!
You feel yourself moving faster!
You feel mighty!
The goblin hits you with a +2 dagger of freezing.
* * * LOW HITPOINT WARNING * * *
The goblin freezes you.
You die...

≈.≈###≈.≈###≈. ≈≈≈≈.≈
≈≈≈.≈≈≈≈≈.≈≈≈≈≈. ......
.......(.[...... ≈≈≈.≈
≈≈≈.≈≈≈≈≈.≈≈≈≈≈. #≈.≈
#≈.≈###≈.≈###≈. #≈.≈
#≈.≈# #≈.≈# ≈.
≈###≈.≈###≈.≈###≈.≈###≈.
≈≈≈≈≈.≈≈≈≈≈.≈≈≈≈≈.≈≈≈≈≈.
.....gg@................
#.##...!..##.......#####
#########.......#
...........#
............#
#######..........
......#+#.###. #######
.# ..


You could see 2 goblins.

Vanquished Creatures
  An endoplasm (D:1)
1 creature vanquished.

Notes
Turn   | Place    | Note
-------+----------+-------------------------------------------
     0 | D:1      | Gladio the Demonspawn Berserker began the quest for the
                  | Orb.
     0 | D:1      | Reached XP level 1. HP: 18/18 MP: 1/1
    85 | D:1      | HP: 1/27 [goblin/+2 dagger of freezing (2)]
    85 | D:1      | Slain by a goblin

Illustrated notes

Levels and vault maps discovered:
D:1:      lemuel_arrival_broad_hall, layout_basic, minmay_misc_feat_diagonals,
          kennysheep_boxes

Action                     || total
---------------------------++-------
  Melee: Unarmed           ||     8
 Invoke: Berserk           ||     1
 Armour: Animal skin       ||     4
  Dodge: Dodged            ||     4

Table legend: (Time is in decaauts)
 A = Elapsed time spent in this place.
 B = Non-inter-level travel time spent in this place.
 C = Inter-level travel time spent in this place.
 D = Time resting spent in this place.
 E = Time spent auto-exploring this place.
 F = Levels seen in this place.
 G = Mean time per level.
                   A        B        C        D        E       F      G
               +--------+--------+--------+--------+--------+-----+--------+
         Total |     84 |     80 |      4 |      0 |     57 |   1 |   84.0 |
       Dungeon |     84 |     80 |      4 |      0 |     57 |   1 |   84.0 |
               +--------+--------+--------+--------+--------+-----+--------+

Top non-repeatable levels by time:
     D:1: 84 daAuts
